 Dungeon Crawl Stone Soup version 0.24.1-14-gf8d2b509d9 (webtiles) character file.

Game seed: 13003675117050723743, levelgen mode: deterministic

169 KlarStein the Covered (level 5, -11/33 HPs)
             Began as a Gargoyle Fighter on July 10, 2020.
             Killed from afar by Ijyb (14 damage)
             ... with a bolt of acid
             ... on level 4 of the Dungeon.
             The game lasted 00:14:07 (2617 turns).

KlarStein the Covered (Gargoyle Fighter)            Turns: 2617, Time: 00:14:08

Health: -11/33     AC:  6    Str: 21    XL:     5   Next: 50%
Magic:  5/5        EV:  7    Int:  8    God:
Gold:   154        SH:  9    Dex:  9    Spells: 4/4 levels left

rFire    . . .     SeeInvis .   a - +0 flail
rCold    . . .     Gourm    .   c - +0 shield
rNeg     + . .     Faith    .   b - +0 scale mail
rPois    ∞         Spirit   .   (no helmet)
rElec    +         Reflect  .   (no cloak)
rCorr    .         Harm     .   o - +2 pair of gloves
MR       .....                  (no boots)
Stlth    ..........             (no amulet)
HPRegen  0.11/turn              (no ring)
MPRegen  0.09/turn              (no ring)

@: corroded
A: negative energy resistance 1, electricity resistance, unbreathing,
petrification resistance, rot immunity, AC +4
a: no special abilities


You were on level 4 of the Dungeon.
You were not hungry.

You visited 1 branch of the dungeon, and saw 4 of its levels.

You collected 154 gold pieces.

Inventory:

Hand Weapons
 a - a +0 flail (weapon)
Missiles
 h - 2 atropa-tipped darts (quivered)
Armour
 b - a +0 scale mail (worn)
 c - a +0 shield (worn)
 o - a +2 pair of gloves (worn)
Jewellery
 w - a cursed -4 ring of protection {unknown}
Wands
 p - a wand of random effects (19)
 q - a wand of flame (22)
Scrolls
 i - a scroll of remove curse
Potions
 d - a potion of might
 e - 2 potions of resistance
 j - 3 potions of invisibility
 k - 2 potions of brilliance
 l - 2 potions of curing {unknown}
 m - a potion of berserk rage {unknown}
 n - a potion of haste {unknown}
 s - a potion of lignification {unknown}
 t - a potion of ambrosia {unknown}
Comestibles
 f - 11 rations
 g - a chunk of flesh


   Skills:
 + Level 4.2 Fighting
 * Level 3.5 Maces & Flails
 + Level 4.2 Armour
 + Level 4.2 Shields


You had 4 spell levels left.
You didn't know any spells.
Your spell library was empty.

Dungeon Overview and Level Annotations

Branches:
Dungeon (4/15)
 Temple: D:4-7

Altars:
Elyvilon
Yredelemnul

Annotations:
D:4 Ijyb


Innate Abilities, Weirdness & Mutations

You are resistant to torment.
Your stone body is resilient. (AC +4)
You are immune to poison.
You resist negative energy. (rN+)
You are resistant to electric shocks. (rElec)
You can survive without breathing.
You are immune to petrification.
You are immune to rotting.


Message History

Ijyb is moderately wounded.
You block Ijyb's attack.
You closely miss Ijyb.
Ijyb is moderately wounded.
Ijyb barely misses you. Ijyb hits you but does no damage.
You barely miss Ijyb.
Ijyb is moderately wounded.
Ijyb hits you but does no damage.
You hit Ijyb but do no damage.
Ijyb is moderately wounded.
Ijyb zaps a wand.
The bolt of acid hits you. The acid corrodes you!
You are splashed with acid!
* * * LOW HITPOINT WARNING * * *
You hit Ijyb but do no damage.
Ijyb is moderately wounded.
Ijyb hits you but does no damage.
You hit Ijyb but do no damage.
Ijyb is moderately wounded.
Ijyb zaps a wand.
The bolt of acid hits you!
You die...

## ##. ### ## ##.. ...#
###. ## #... ##..##..
#.# #... . ....... #.#
#... #..####...#.# #...
....g...##†# #...
#...#@## ###..
#..##g#############....
## #.#.................
#########......##...
#########... ..........
.......... ..........
..........


You could see Ijyb.

Vanquished Creatures
  A scorpion (D:4)
  4 adders
  An ooze (D:2)
  A worm (D:3)
  2 dart slugs (D:2)
  A leopard gecko (D:1)
  An orc (D:3)
  A ball python (D:1)
  10 bats
  4 giant cockroaches
  7 goblins
  5 hobgoblins
  8 jackals
  2 quokkas (D:3)
  3 frilled lizards
  9 kobolds
  8 rats
68 creatures vanquished.

Notes
Turn   | Place    | Note
-------+----------+-------------------------------------------
     0 | D:1      | KlarStein the Gargoyle Fighter began the quest for the Orb.
     0 | D:1      | Reached XP level 1. HP: 14/14 MP: 1/1
   309 | D:1      | Reached XP level 2. HP: 19/19 MP: 2/2
   807 | D:1      | Reached XP level 3. HP: 21/23 MP: 3/3
  1199 | D:2      | Found a basalt altar of Yredelemnul.
  1572 | D:2      | Reached XP level 4. HP: 27/29 MP: 4/4
  2411 | D:3      | Reached XP level 5. HP: 33/33 MP: 5/5
  2521 | D:4      | Found a white marble altar of Elyvilon.
  2598 | D:4      | Noticed Ijyb
  2617 | D:4      | Killed from afar by Ijyb

Levels and vault maps discovered:
D:1:      dpeg_arrival_refuge, layout_basic, minmay_misc_feat_rows
D:2:      layout_loops_ring, old_standard_altar
D:3:      layout_loops_cross
D:4:      wad_crossroads, layout_rooms, elyvilon_altar_3, old_standard_altar,
          uniq_edmund, uniq_ijyb

Skill      XL: |  1  2  3  4 |
---------------+-------------+-----
Fighting       | 4 |  4.2
Armour         | 4 |  4.2
Shields        | 4 |  4.2
Maces & Flails | 3 |  3.5

Action                   |  1- 3 |  4- 6 || total
-------------------------+-------+-------++-------
Melee: Flail             |   183 |   167 ||   350
  Use: Scroll            |       |    11 ||    11
  Eat: Chunk             |     2 |     4 ||     6
Armor: Scale mail        |   105 |   105 ||   210
Dodge: Dodged            |    78 |    58 ||   136
Block: Shield            |   121 |   106 ||   227
